[Event "Memorial Ukrainian Chess Warriors 2024"]
[Site "Lviv"]
[Date "2024.03.15"]
[Round "4.1"]
[White "Kravtsiv, Martyn"]
[Black "Baziuk, Vladyslav"]
[Result "1-0"]
[ECO "B10"]
[WhiteElo "2598"]
[BlackElo "2211"]
[Annotator "TA"]
[PlyCount "59"]
[EventDate "2024.03.06"]
[EventType "swiss"]
[EventCountry "UKR"]
[SourceTitle "playchess.com"]
[Source "ChessBase"]
[SourceQuality "1"]
[TimeControl "600+5"]

1. e4 c6 2. Nf3 d5 3. d3 Bg4 4. h3 Bxf3 5. Qxf3 e5 6. g3 Nf6 7. Bg2 dxe4 8. dxe4 Bc5 9. O-O O-O 10. Nd2 Nbd7 11. a4 a5 12. Nc4 b5 13. Ne3 Qb6 14. h4 {[%emt 0:01:47] White is better.} Rfe8 15. Nf5 g6 (15... Red8 $142) 16. Nh6+ $16 Kg7 {[%emt 0:00:02] [#]} 17. Bh3 (17. Rd1 $1 $18) 17... Nf8 $2 (17... Qc7 $16 {is a better chance.} 18. Rd1 Nb6) 18. Bg5 $18 Be7 19. Qb3 {[%emt 0:00:05] Inhibits Ne6.} Ne6 20. Bxe6 Nxe4 21. Bd7 Bxg5 22. Qxf7+ (22. hxg5 Re7 $18) 22... Kxh6 23. Bxe8 Bf6 24. Rae1 (24. Rad1 $142 {Rd7 would kill now.} Ra7 25. Qf8+ Bg7 26. Qf3) 24... Ra7 25. Qe6 Re7 26. Qxc6 Qxc6 27. Bxc6 Nd2 28. axb5 {[%emt 0:00:14][%cal Ob5b6] [#] Threatens to win with b6!} Nxf1 29. Kxf1 ({Resist} 29. Rxf1 e4 30. c3 Re6 $18) 29... e4 (29... Re6 $142 30. Bd5 Rb6) 30. b3 {[%emt 0:00:10] Black did not feel at home in the position after the opening.   Weighted Error Value: White=0.60/Black=0.53.  Loses game:     	---       	Black=1      Mistake:       	White=1     	Black=2      Inaccurate:     	White=1     	Black=1      OK:         	White=7     	Black=3      Best:        	White=2     	Black=3} 1-0

[Event "Memorial Ukrainian Chess Warriors 2024"]
[Site "Lviv"]
[Date "2024.03.15"]
[Round "4.2"]
[White "Bykovskiy, Oleg"]
[Black "Pavlov, Sergey"]
[Result "1/2-1/2"]
[ECO "B29"]
[WhiteElo "2231"]
[BlackElo "2451"]
[Annotator "TA"]
[PlyCount "172"]
[EventDate "2024.03.06"]
[EventType "swiss"]
[EventCountry "UKR"]
[SourceTitle "playchess.com"]
[Source "ChessBase"]
[SourceQuality "1"]
[TimeControl "600+5"]

1. e4 c5 2. Nf3 Nf6 3. e5 Nd5 4. d4 cxd4 5. c3 Nc6 6. cxd4 d6 7. Bc4 dxe5 8. dxe5 Ndb4 9. Qxd8+ Nxd8 10. Na3 {Inhibits Nc2+.} a6 {Inhibits Nb5.} 11. Bd2 Nbc6 12. Bd5 Be6 13. Bxe6 Nxe6 14. Nc4 g6 15. Na5 Nxa5 16. Bxa5 Rc8 17. O-O Bh6 18. Rad1 Rc5 19. Bc3 g5 20. h3 Rg8 21. Bd4 Rc2 22. Bc3 g4 23. hxg4 Rxg4 24. Ne1 Re2 25. Nd3 Ng5 26. g3 Ne4 $40 {[%mdl 128] White needs to defend precisely.} 27. Rfe1 (27. Ba5 $15 Kf8 (27... Rxg3+ $2 28. fxg3 Be3+ 29. Nf2 $18) 28. Rfe1 Rxg3+ 29. Kf1 Rxe1+ 30. Nxe1) 27... Nxc3 $1 $17 28. bxc3 {[#]} Rxe1+ (28... Rxa2 $6 29. Nc5 $11) 29. Rxe1 {[%mdl 4096] Endgame. KRB-KRN} Rc4 30. e6 Rxc3 31. exf7+ Kxf7 32. Ne5+ Ke8 33. Ng4 Rc1 34. Kf1 (34. Nf6+ $17 Kf7 35. Rxc1 Bxc1 36. Ne4) 34... Rxe1+ $19 35. Kxe1 {KB-KN} Bg7 36. Kd2 Kd7 37. Kd3 b5 38. Ne3 e6 39. Nc2 Kd6 40. f4 (40. Na3 $142) 40... Kc5 41. g4 a5 42. Ne3 b4 43. f5 $2 (43. Nc2) 43... exf5 44. Nxf5 Bf6 45. Ng3 Be5 46. Ne4+ Kd5 47. Ng5 h6 48. Nf3 Bf6 49. Nd2 Bd8 50. Nc4 Bc7 51. Ne3+ Kc5 52. Nf5 Bf4 53. Ng7 Bg5 54. Ne6+ Kd5 55. Nd4 Kc5 56. Ne6+ $1 Kb5 57. Nd4+ Ka4 {Threatens to win with ...Ka3.} 58. Nb3 Bd8 59. Kc2 Ka3 60. Kb1 a4 (60... Bc7 $19 {is more deadly. White must now prevent ...Bb6.} 61. Nd4 Bg3) 61. Nd4 $2 (61. Nd2 $17 {is the only way for White.} b3 62. axb3) 61... b3 62. axb3 {[#]} axb3 (62... Bf6 $142 $1 63. Ne6 Kxb3 (63... axb3 64. Nc7 $15) 64. Nc5+ Ka3) 63. Nxb3 $2 Kxb3 {KB-KP} 64. Kc1 Kc3 65. Kd1 Kd3 66. Ke1 Ke3 67. Kf1 Kf3 {[%cal Od8b6] ( -> ...Bb6!)} 68. Kg1 Kg3 {[%cal Od8e7] Hoping for ...Be7!} 69. Kh1 Bc7 $2 (69... Kxg4 $2 70. Kg2 $19) (69... Kh3 $11 70. Kg1 Bh4 (70... Kxg4 $2 71. Kg2 $19)) 70. Kg1 Kh3 (70... Kxg4 71. Kf2 $19) 71. Kh1 Bf4 (71... Kxg4 $2 72. Kg2 $19) 72. Kg1 Kg3 (72... Kxg4 73. Kg2) 73. Kh1 Kf3 (73... Kxg4 74. Kg2) 74. Kg1 Bg3 $2 (74... Kxg4 75. Kg2) (74... Bd6 $19 75. Kh1 Kg3 (75... Kxg4 $2 76. Kg2 $19)) 75. Kh1 $11 Bf2 (75... Kxg4 $2 76. Kg2 $19) 76. Kh2 Be3 (76... Kxg4 77. Kh1 $19) 77. Kh1 Kf2 (77... Kxg4 78. Kh2 $19) 78. Kh2 Kf1 79. Kh1 Bg5 80. Kh2 Kf2 81. Kh1 Kg3 82. Kg1 Kh3 (82... Kxg4 $2 83. Kf2 $19) 83. Kh1 Bf4 $2 (83... Kxg4 $2 84. Kg2 $19) (83... Bd2 $11 84. Kg1 Be3+ (84... Kxg4 $2 85. Kh2 $19) 85. Kh1 Bf4 (85... Kxg4 $2 86. Kh2 $19)) 84. Kg1 $19 Bh2+ (84... Kxg4 85. Kg2) 85. Kh1 Kg3 $2 (85... Bd6 $19 {[%cal Od6g3] ...Bg3! would now be deadly.} 86. Kg1 Bc5+ (86... Kxg4 $2 87. Kg2 $19) 87. Kh1 Be3 (87... Kxg4 $2 88. Kh2 $19)) 86. g5 $11 {And now g6 would win.} hxg5 {Weighted Error Value: White=0.32/Black=0.27 (precise) .  Loses game:     	White=3     	---        Missed win:     	---       	Black=2      Mistake:       	White=4     	Black=3      Inaccurate:     	White=2     	---        OK:         	White=11    	Black=21     Best:        	White=21    	Black=7      Strong:       	---       	Black=1} (86... h5 87. g6 Kh3 88. g7 Be5 89. g8=Q (89. g8=B Bd4 $11) 89... Bd4 90. Qe6+ (90. Qg5 Ba7 91. Qg2+ Kh4 92. Qg7 Kh3 93. Qxa7 h4 94. Qd7+ Kg3) 90... Kh4 91. Qe4+ Kg5 92. Qxd4) (86... Kf2 $5 87. gxh6 Be5 $11) 1/2-1/2

[Event "Memorial Ukrainian Chess Warriors 2024"]
[Site "Lviv"]
[Date "2024.03.15"]
[Round "4.3"]
[White "Domanskiy, Mykola"]
[Black "Grinev, Valeriy"]
[Result "0-1"]
[ECO "B41"]
[WhiteElo "2046"]
[BlackElo "2422"]
[Annotator "TA"]
[PlyCount "62"]
[EventDate "2024.03.06"]
[EventType "swiss"]
[EventCountry "UKR"]
[SourceTitle "playchess.com"]
[Source "ChessBase"]
[SourceQuality "1"]
[TimeControl "600+5"]

1. e4 c5 2. Nf3 e6 3. d4 cxd4 4. Nxd4 a6 5. c4 Nf6 6. Nc3 Qc7 7. a3 b6 8. Bd3 Nc6 9. Nxc6 dxc6 10. O-O e5 {[%emt 0:00:07] The position is equal.} 11. h3 Bc5 12. Qe2 O-O 13. Be3 Be6 14. Bxc5 bxc5 15. Qe3 Rfd8 16. Na4 $1 Nd7 17. b3 Nf8 18. Rfd1 Rd4 19. Nxc5 Rad8 $2 (19... Qd6 $14 20. Nxe6 Nxe6) 20. Nxa6 $18 Qd6 21. Nb4 Ng6 22. Be2 Nf4 23. Bf3 Bxh3 24. gxh3 {[%emt 0:01:07] aiming for Kh1.} Qg6+ 25. Kh2 $4 {[%emt 0:00:01][%mdl 8192] [#]} (25. Kf1 $18 Nxh3 26. Nd3 (26. Rxd4 $2 exd4 27. Qe1 d3 $19)) 25... Rxd1 $1 $19 26. Rxd1 Rxd1 27. Bg4 {[%emt 0:00:01] [#]} h5 $1 28. Nxc6 {[#] Threatens to win with Ne7+.} Qg5 29. Ne7+ Kh7 ({Worse is} 29... Qxe7 30. Bxd1 Qxa3 31. Bf3 $11) 30. Bf5+ g6 31. Nxg6 Qg1# {[%emt 0:00:01] Black used his chance.   Weighted Error Value: White=0.66/Black=0.16 (very precise) .  Missed win:     	White=1     	---        Mistake:       	---       	Black=1      Inaccurate:     	White=3     	Black=2      OK:         	White=6     	Black=5      Best:        	White=2     	Black=1      Strong:       	White=1     	Black=1} 0-1

[Event "Memorial Ukrainian Chess Warriors 2024"]
[Site "Lviv"]
[Date "2024.03.15"]
[Round "4.4"]
[White "Kislinsky, Alexey"]
[Black "Stolbov, Mikhail G."]
[Result "1-0"]
[ECO "B13"]
[WhiteElo "2361"]
[BlackElo "2205"]
[Annotator "TA"]
[PlyCount "31"]
[EventDate "2024.03.06"]
[EventType "swiss"]
[EventCountry "UKR"]
[SourceTitle "playchess.com"]
[Source "ChessBase"]
[SourceQuality "1"]
[TimeControl "600+5"]

1. e4 c6 2. c4 d5 3. exd5 cxd5 4. d4 Nf6 5. Nc3 Nc6 6. Nf3 e6 7. a3 Be7 8. Bd3 O-O 9. O-O h6 (9... dxc4 $11 10. Bxc4 h6) 10. Re1 {[%emt 0:00:14] White is more active.} (10. c5 $16) 10... dxc4 $11 11. Bxc4 b6 {[%emt 0:00:19] The position is equal.} 12. Qd3 Bb7 13. Ba2 Bc5 14. Be3 Ne7 15. Ne5 Nf5 $2 {[%emt 0:00:45][%mdl 8192] [#]} 16. dxc5 {[%emt 0:00:26] Weighted Error Value: White=0.27 (precise) /Black=0.72.  Loses game:     	---       	Black=1      Mistake:       	White=1     	---        OK:         	White=2     	Black=1      Best:        	White=1     	Black=1} 1-0

[Event "Memorial Ukrainian Chess Warriors 2024"]
[Site "Lviv"]
[Date "2024.03.15"]
[Round "4.5"]
[White "Petrov, Vladimir Sergeev"]
[Black "Lornye, Pylyp"]
[Result "0-1"]
[ECO "A15"]
[WhiteElo "2349"]
[BlackElo "2147"]
[Annotator "TA"]
[PlyCount "80"]
[EventDate "2024.03.06"]
[EventType "swiss"]
[EventCountry "UKR"]
[SourceTitle "playchess.com"]
[Source "ChessBase"]
[SourceQuality "1"]
[TimeControl "600+5"]

1. c4 Nf6 2. g3 g6 3. Bg2 Bg7 4. Nc3 O-O 5. d4 d6 6. e3 e5 7. Nge2 c6 8. h3 Nbd7 9. b4 (9. b3 $11) 9... exd4 $17 10. Nxd4 {[%emt 0:00:55] Schwarz steht besser.} Ne5 11. Qe2 (11. O-O $17 {war angesagt.}) 11... c5 $19 12. Nc2 cxb4 13. Nxb4 Qa5 14. a3 (14. Rb1 $17) 14... Be6 15. Ncd5 {[%emt 0:00:18] [#]} Nxc4 (15... Nxd5 $1 $19 16. Bxd5 Bxd5 17. cxd5 Nf3+ 18. Qxf3 Bxa1) 16. Qxc4 (16. Nxf6+ $17 Bxf6 17. Rb1) 16... Nxd5 17. Bxd5 {[%emt 0:00:06] Droht Rb1 und aus.} Bxd5 ({Jedoch nicht} 17... Bxa1 18. Bd2 $19) 18. Qxd5 Qxd5 19. Nxd5 Bxa1 20. Ke2 Bg7 21. Bd2 Kh8 22. h4 h5 23. Bb4 a5 24. Bxd6 Rfd8 25. Nb6 Ra6 26. Bc7 Re8 27. Rb1 Bf8 28. a4 Bb4 (28... Re4 $19 {...Rb4 wäre nun fies.} 29. Rd1 Bg7 30. Rd8+ Kh7) 29. Nd5 $17 Rc6 30. f4 (30. Bb6 $17) 30... Rc5 $2 ({Besser ist} 30... f6 $19 {Weiss muss nun ...Kg8 beachten.} 31. Kf3 Ree6) 31. Rd1 $15 Rc2+ 32. Kf3 (32. Kd3 $15 Ra2 33. Be5+ f6 34. Nxf6 Rd8+ 35. Nd7+ Kg8 36. Ke4) 32... Bf8 $17 33. Bxa5 Ra8 {[%emt 0:00:23] Schwarz steht aktiver.} 34. Bb6 (34. Bc7 $17 {kämpft weiter.}) 34... Rxa4 $19 35. Rb1 (35. f5 $142) 35... Bg7 36. Bd8 Raa2 37. Rb3 $2 (37. Bf6 Bxf6 38. Nxf6) 37... Rf2+ {[%emt 0:00:07] Schwarz steht klar auf Gewinn.} 38. Ke4 f5+ 39. Kd3 Rfd2+ 40. Kc4 Rac2+ {[%emt 0:00:02] Gewichteter Fehlerwert: Weiß=0.53/Schwarz=0.20 (präzise) .  Fehler:       	Weiß=9     	Schwarz=3     Ungenau:       	Weiß=1     	---        OK:         	Weiß=7     	Schwarz=14    Bester:       	Weiß=2     	Schwarz=4} 0-1

[Event "Memorial Ukrainian Chess Warriors 2024"]
[Site "Lviv"]
[Date "2024.03.15"]
[Round "4.6"]
[White "Andrienko, Artem"]
[Black "Sakun, Volodymyr"]
[Result "0-1"]
[ECO "A10"]
[WhiteElo "2041"]
[BlackElo "2301"]
[Annotator "TA"]
[PlyCount "81"]
[EventDate "2024.03.06"]
[EventType "swiss"]
[EventCountry "UKR"]
[SourceTitle "playchess.com"]
[Source "ChessBase"]
[SourceQuality "1"]
[TimeControl "600+5"]

1. c4 d6 2. Nc3 Nd7 3. g3 g6 4. Bg2 Bg7 5. Nf3 Ngf6 6. d3 O-O 7. O-O e5 8. Rb1 Re8 9. b4 e4 10. Nxe4 Nxe4 11. dxe4 {[%emt 0:00:02] The position is equal.} Rxe4 12. Ng5 Re8 13. Bd5 Rf8 14. c5 Nf6 15. Bb3 (15. Bg2 $11 {is superior.}) 15... d5 16. Bb2 c6 17. Qd2 h6 18. Nf3 a5 19. a3 axb4 20. axb4 Bh3 21. Rfd1 Qe7 22. Ra1 (22. Qc3 $11) 22... Ne4 (22... Rxa1 {simplifies} 23. Rxa1 Re8 24. Nd4 Ne4) 23. Qc1 {[%emt 0:00:02] [#]} Rfe8 ({Better is} 23... Ng5 $1 $17 24. Nxg5 hxg5 25. Bxg7 Qe4 (25... Kxg7 26. Qc3+ Kh7 27. Qd2 $17)) 24. Rxa8 Rxa8 25. Bxg7 Kxg7 26. Nd4 Qf6 27. f3 Ng5 28. Kf2 Ne6 29. Nxe6+ Bxe6 30. b5 Qe5 31. bxc6 bxc6 32. h4 Ra5 33. Qc2 (33. e3 $15) 33... Bf5 $17 34. Qc1 {[%emt 0:00:07] [#] White is weak on the light squares} Kg8 {[%emt 0:00:18] Black is more active.} (34... h5 $142 $1 35. f4 Qf6 36. Bxd5 cxd5 37. Rxd5 Ra2) 35. h5 (35. Rd2 $17) 35... g5 $19 ({Don't take} 35... gxh5 36. Qxh6 Bg6 37. Bc4 $15) 36. f4 (36. Rd2 $142) 36... Qe7 {[%emt 0:00:06] ...Rb5 is the strong threat.} 37. e3 $2 (37. Rd4 $17 {might work better.}) 37... Qxc5 $2 (37... Rxc5 $19 {and Black stays clearly on top.} 38. Qd2 Qb7) 38. Qd2 {[%emt 0:00:04][%mdl 8192] Now White is beyond hope.} (38. Qxc5 $17 Rxc5 39. Ra1) 38... Ra3 39. Qb2 Qb4 40. Qf6 Qxb3 41. Qd4 {Weighted Error Value: White=0.67/Black=0.27 (precise) .  Loses game:     	White=2     	---        Missed win:     	---       	Black=1      Mistake:       	White=5     	Black=2      Inaccurate:     	White=4     	Black=3      OK:         	White=5     	Black=8      Best:        	---       	Black=1} 0-1

[Event "Memorial Ukrainian Chess Warriors 2024"]
[Site "Lviv"]
[Date "2024.03.15"]
[Round "4.7"]
[White "Dehtiarov, Roman"]
[Black "Hychkevych, Vitaliy"]
[Result "1-0"]
[ECO "B23"]
[WhiteElo "2319"]
[BlackElo "1550"]
[Annotator "TA"]
[PlyCount "51"]
[EventDate "2024.03.06"]
[EventType "swiss"]
[EventCountry "UKR"]
[SourceTitle "playchess.com"]
[Source "ChessBase"]
[SourceQuality "1"]
[TimeControl "600+5"]

1. e4 c5 2. Nc3 e6 3. f4 Nc6 4. Nf3 d6 5. Bb5 Bd7 6. O-O Be7 7. d3 Nf6 8. e5 dxe5 9. fxe5 Nd5 10. Ne4 {[%emt 0:00:52] The position is equal.} O-O 11. c4 Nc7 12. Ba4 Nd4 13. Bxd7 Qxd7 14. Be3 b5 15. b3 Na6 (15... Nf5 $14 16. Bf2 (16. Bxc5 Bxc5+ 17. Nxc5 Qc6 $11) (16. Nxc5 $2 Qc6 $19) 16... Na6) 16. Nxd4 $18 cxd4 17. Bg5 {[%emt 0:00:02] White is more active.} (17. Bc1 $16) 17... Bxg5 $14 18. Nxg5 {[%emt 0:00:02] Qg4 is the strong threat.} bxc4 $2 {[%emt 0:00:43][%mdl 8192] [#]} (18... Nc5 $14) 19. Qh5 $1 $18 h6 (19... cxd3 20. Qxh7#) 20. Ne4 {[%emt 0:00:01][%cal Oe4f6] Hoping for Nf6+!} Kh8 $2 {[%emt 0:00:10] [#]} (20... cxd3 $2 {too greedy.} 21. Nf6+ Kh8 22. Nxd7 $18) (20... Qb5 $18 21. dxc4 (21. bxc4 Qb2 $18) 21... Qa5) 21. Rf6 $3 Kh7 {[%emt 0:01:52] [#]} (21... Qe7 22. Rxh6+) 22. Rxh6+ $3 gxh6 23. Nf6+ ({Not} 23. bxc4 Kg7 $16) 23... Kg7 24. Nxd7 (24. Qg4+ $142 Kh8 25. Qe4 cxd3 26. Qh7#) 24... Rfd8 25. Qg4+ Kh8 26. Qf3 {[%emt 0:00:01] Weighted Error Value: White=0.12 (very precise) /Black=1.00.  Loses game:     	---       	Black=1      Mistake:       	White=1     	Black=2      Inaccurate:     	White=1     	Black=1      OK:         	White=2     	Black=3      Best:        	White=3     	Black=2      Strong:       	White=1     	---        Brilliant:      	White=1     	---} 1-0

[Event "Memorial Ukrainian Chess Warriors 2024"]
[Site "Lviv"]
[Date "2024.03.15"]
[Round "4.8"]
[White "Bagiryan, Vigen"]
[Black "Semenov, Dmytro"]
[Result "1-0"]
[ECO "C95"]
[WhiteElo "1969"]
[BlackElo "2370"]
[Annotator "TA"]
[PlyCount "167"]
[EventDate "2024.03.06"]
[EventType "swiss"]
[EventCountry "UKR"]
[SourceTitle "playchess.com"]
[Source "ChessBase"]
[SourceQuality "1"]
[TimeControl "600+5"]

1. e4 e5 2. Nf3 Nc6 3. Bb5 a6 4. Ba4 Nf6 5. O-O Be7 6. Re1 b5 7. Bb3 O-O 8. c3 d6 9. h3 Nb8 10. d4 Nbd7 11. Nbd2 Bb7 12. d5 (12. Bc2 $14) 12... c6 $11 13. dxc6 $1 Bxc6 14. Bc2 {[%emt 0:00:05] The position is equal.} Nc5 15. Qe2 Qc7 16. Nh2 Qb7 17. f3 (17. Nb3 $11) 17... Qa7 (17... Nh5 $15 18. Ndf1 Nf4 19. Bxf4 exf4) 18. Kh1 Nh5 19. Ndf1 {[%emt 0:00:00] Dodges Ng3+} Nf4 20. Bxf4 exf4 21. Ng4 h5 (21... Bh4 $17 22. Red1 Rad8) 22. Nf2 $1 (22. Nh6+ $2 gxh6 23. Rad1 Qc7 $19) 22... Bf6 $36 {[%emt 0:00:07][%mdl 2048] Black has the initiative.} 23. Nd3 Nxd3 24. Qxd3 Be5 25. Rad1 Rab8 26. a3 a5 27. Bb3 b4 28. axb4 axb4 29. Bd5 (29. Nd2 $142) 29... Bxd5 $17 30. exd5 bxc3 31. bxc3 {[%emt 0:00:00] White is weak on the dark squares} Rb3 32. Rc1 Rc8 33. Qf5 Rcxc3 {[%emt 0:00:18] ...Qf2 is the strong threat.} (33... Rbxc3 34. Rxc3 Rxc3 35. Qxh5 $17) 34. Qxh5 Qf2 {[%emt 0:00:20] Against Nd2} 35. Rcd1 (35. Rxc3 $17 Rxc3 36. Ra1) 35... g6 $19 36. Qg4 Rc2 {[%emt 0:00:23] Prevents Nd2} 37. Nh2 Rbb2 38. Rg1 Rd2 $2 (38... Kg7 $19 {and Black stays clearly on top. ...f5 would now be deadly.} 39. h4 Qg3 40. Qxg3 fxg3) 39. Rxd2 Qxd2 (39... Rxd2 {feels hotter.} 40. Qc8+ Kg7 41. Ng4 Qd4) 40. Qc8+ (40. Qh4 $17) 40... Kg7 41. Qc1 Qxd5 (41... Ra2 $19 42. Qxd2 Rxd2) 42. Ng4 $17 Re2 43. Rd1 Qa2 44. Nxe5 dxe5 {[%emt 0:00:30][%mdl 4096] Endgame. KQR-KQR} 45. Rg1 g5 46. Qc5 Kg6 ({Better is} 46... Qc2 $1 $17 47. Qe7 Qf5) 47. Qf8 $11 e4 48. Qg8+ Kf6 49. Qd8+ Kf5 50. Qd7+ Kg6 51. fxe4 (51. h4 $1 $11) 51... Rxe4 52. Qd8 Re2 (52... f6 $1 $17) 53. Qd3+ Kg7 54. Qd4+ Kh7 55. Qd3+ Kh6 56. Qd4 (56. Qd8 $11) 56... Qb2 $15 57. Qc4 Kg7 {[%emt 0:00:04][%cal Of4f3] And now ...f3! would win.} 58. Qd5 Rf2 (58... Re5 $17 59. Qd1 Qf2) 59. Qxg5+ $11 Kf8 (59... Kh7 $1 $11) 60. Rd1 $16 Rd2 61. Qh6+ Kg8 62. Qg5+ ({White should play} 62. Re1 $16 Re2 63. Rxe2 (63. Qg5+ Kf8 $14) 63... Qxe2 64. Qxf4) 62... Kh7 (62... Kf8 $11 {remains equal.} 63. Qh6+ Kg8 64. Qg5+ Kf8) 63. Rf1 Qg7 64. Qxg7+ $1 (64. Qxf4 $2 Qxg2#) 64... Kxg7 65. Rxf4 {[%emt 0:00:01] KR-KR} Kg6 66. Kh2 f5 67. Kg3 Rd3+ 68. Rf3 Rd2 69. Ra3 Kg5 70. h4+ Kh5 71. Kh3 (71. Rf3 $16 Kg6 72. Ra3) 71... Rd4 (71... f4 $1 $11 {keeps the balance.}) 72. g3 $1 Rd5 73. Ra8 Rc5 $2 {[%emt 0:00:05][%mdl 8192] [#]} (73... Rd3 $16) 74. Rg8 $1 $18 {[%emt 0:00:02] Strongly threatening Rg5+.} f4 {[%emt 0:00:17] [#]} 75. g4+ $1 ({Not} 75. gxf4 Rc3+ 76. Rg3 Rc2 $14) 75... Kh6 76. g5+ Kh5 77. Rh8+ Kg6 78. Rh6+ (78. Kg4 $142 f3 79. Rh6+ (79. Kxf3 Rc3+ 80. Ke4 Rc4+ 81. Kd3 Rg4 $18) 79... Kg7 80. Kxf3 Kg8 81. Kg4 Kf7 82. Rf6+ Kg7 83. Rb6) 78... Kg7 79. Rf6 {[%emt 0:00:04][%cal Oh3g4] White wants to mate with Kg4!} Rc4 80. h5 Rc1 81. Rxf4 Rh1+ 82. Kg4 Rg1+ 83. Kf5 Rh1 84. h6+ {[%emt 0:00:02] Never resign too early!   Weighted Error Value: White=0.21 (precise) /Black=0.24 (precise) .  Loses game:     	---       	Black=1      Missed win:     	---       	Black=1      Mistake:       	White=8     	Black=9      Inaccurate:     	White=4     	Black=4      OK:         	White=22    	Black=24     Best:        	White=4     	Black=3      Strong:       	White=5     	---} 1-0

[Event "Memorial Ukrainian Chess Warriors 2024"]
[Site "Lviv"]
[Date "2024.03.15"]
[Round "4.9"]
[White "Tretiak, Igor"]
[Black "Mosesov, Danyil"]
[Result "0-1"]
[ECO "B40"]
[WhiteElo "1561"]
[BlackElo "2453"]
[Annotator "TA"]
[PlyCount "94"]
[EventDate "2024.03.06"]
[EventType "swiss"]
[EventCountry "UKR"]
[SourceTitle "playchess.com"]
[Source "ChessBase"]
[SourceQuality "1"]
[TimeControl "600+5"]

1. e4 c5 2. Nf3 e6 3. Bd3 Nc6 4. O-O a6 5. Re1 g5 6. g3 h5 (6... g4 $5 7. Nh4 $8 Be7 $11) 7. Bf1 g4 8. Nh4 {[%emt 0:00:21] Black is slightly better.} Be7 9. Ng2 Nf6 10. c3 (10. d3 $11) 10... d5 (10... Ne5 $17 11. Be2 c4 (11... Nxe4 12. d4 $11)) 11. e5 {[%emt 0:00:15] [#]} (11. exd5 $11 Nxd5 12. d3) 11... Ne4 ({Black should play} 11... Nd7 $1 $17 12. d4 Qb6) 12. d3 $15 Ng5 13. Bxg5 Bxg5 14. Na3 (14. Nd2 $15) 14... b5 ({Black should try} 14... f6 15. d4 cxd4 16. cxd4 fxe5 17. dxe5 Qc7) 15. d4 $17 Qb6 (15... cxd4 $17 16. cxd4 f5) 16. Nc2 $11 cxd4 17. cxd4 Bd7 18. a4 (18. Nf4 $11 Bxf4 19. gxf4) 18... bxa4 $15 {Black is more active.} 19. Rxa4 a5 ({Better is} 19... Qxb2 $17 20. Ra1 a5) 20. Na3 $2 {[%emt 0:00:29] Now White is beyond hope.} (20. b4 $15) 20... Nb4 $19 ({Don't do} 20... Qxb2 21. Nb5 $17) 21. Nb1 Bxa4 22. Qxa4+ Kf8 23. Nc3 $2 (23. Rd1) 23... Qxd4 24. Qd7 Kg7 25. Nb5 Qb6 ({Inferior is} 25... Qxb2 26. Nc7 Kg6 27. Nxe6 fxe6 28. Nf4+ Bxf4 29. Qxe6+ Kg7 30. Qf6+ Kg8 31. Qg6+ Kf8 32. Qf6+ Kg8 33. Qg6+ Kf8 34. gxf4 $11 (34. Qf6+ Kg8 $14)) 26. Nd6 Qa7 27. Qb5 Rab8 28. Qe2 (28. Qa4) 28... Nc6 {[%emt 0:00:08] aiming for ...Nd4.} 29. Kh1 Nd4 30. Qd3 Rxb2 31. Rd1 {[%emt 0:00:19] [#]} Rxf2 $1 32. Ne3 (32. h4 gxh3) 32... Nf3 33. Bg2 Qxe3 {[%emt 0:00:03] Black mates.} 34. Bxf3 Qxf3+ 35. Qxf3 gxf3 36. h4 Be7 37. Kg1 Rg2+ 38. Kh1 Bxd6 39. exd6 Rd8 40. g4 Rxg4 41. Rf1 Rxd6 42. Rxf3 Rb6 43. Kh2 Rxh4+ 44. Kg3 Rg4+ 45. Kh3 Rb1 46. Rg3 Rxg3+ 47. Kxg3 a4 {[%emt 0:00:00] Weighted Error Value: White=1.18/Black=0.41.  Loses game:     	White=1     	---        Mistake:       	White=6     	Black=5      Inaccurate:     	White=1     	Black=2      OK:         	White=8     	Black=7      Best:        	---       	Black=3} 0-1